 Dungeon Crawl Stone Soup version 0.29.0-4-gdea44cf6ec (webtiles) character file.

Game seed: 7653909076723541371

84751 qw the Severer (level 15, -3/144 HPs)
             Began as a Gargoyle Berserker on Sept 5, 2022.
             Was an Elder of Trog.
             Killed by divine providence
             ... invoked by an orc priest
              (17 damage)
             ... on level 2 of the Orcish Mines.
             The game lasted 00:11:54 (30327 turns).

qw the Severer (Gargoyle Berserker)                Turns: 30327, Time: 00:11:55

Health: -3/144     AC: 47    Str: 26    XL:     15   Next: 81%
Magic:  15/15      EV:  7    Int: 10    God:    Trog [****..]
Gold:   1832       SH: 19    Dex: 17    Spells: 14/14 levels left

rFire   . . .      SeeInvis .   Y - +5 broad axe
rCold   . . .      Faith    .   y - +0 tower shield
rNeg    + . .      Spirit   .   u - +3 plate armour
rPois   inf        Reflect  .   k - +2 helmet
rElec   +          Harm     .   r - +2 cloak
rCorr   +          Rampage  .   f - +2 pair of gloves
Will    +....                   g - +2 pair of boots
Stlth   ..........              o - amulet "Mabluy" {Acrobat Dex+6}
HPRegen 0.34/turn               n - +6 ring of dexterity
MPRegen 0.14/turn               i - ring of Fixation {rElec rCorr AC+4 Dex-4}

@: berserking (expiring), flying, very quick
A: sickness immunity, AC +11, big wings, negative energy resistance 1,
electricity resistance, torment resistance 1, petrification resistance
a: Renounce Religion, Berserk, Trog's Hand, Brothers in Arms


You were on level 2 of the Orcish Mines.
You worshipped Trog.
Trog was greatly pleased with you.
You visited 3 branches of the dungeon, and saw 22 of its levels.
You also visited: Gauntlet.

You collected 1832 gold pieces.


Innate Abilities, Weirdness & Mutations

You are immune to sickness and miasma.
Your stone body is resilient. (AC +11)
You are immune to poison.
Your large and strong wings let you fly.
You resist negative energy. (rN+)
You are resistant to electric shocks. (rElec)
You are resistant to unholy torment.
You are immune to petrification.


   Skills:
 - Level 12.2 Fighting
 - Level 16.8 Axes
 - Level 5.0 Throwing
 - Level 12.0 Armour
 - Level 4.0 Dodging
 + Level 14.2 Shields


You had 14 spell levels left.
You didn't know any spells.
Your spell library was empty.

Inventory:

Hand Weapons
 a - a +1 hand axe of flaming
 Y - a +5 broad axe (weapon)
Missiles
 d - 3 silver boomerangs
 v - 5 javelins (quivered)
 w - 11 boomerangs
Armour
 e - the +15 Maxwell's patent armour {-Cast -Tele rElec Will+ rCorr}
   (You found it on level 11 of the Dungeon)

   rElec:     It insulates you from electricity.
   -Cast:     It prevents spellcasting.
   -Tele:     It prevents most forms of teleportation.
   rCorr:     It protects you from acid and corrosion.
   Will:      It increases your willpower.
 f - a +2 pair of gloves (worn)
 g - a +2 pair of boots (worn)
 k - a +2 helmet (worn)
 r - a +2 cloak (worn)
 u - a +3 plate armour (worn)
 y - a +0 tower shield (worn)
Jewellery
 i - the ring of Fixation (right hand) {rElec rCorr AC+4 Dex-4}
   (You found it on level 2 of the Lair of Beasts)

   [ring of protection]

   AC:        It affects your AC (+4).
   Dex:       It affects your dexterity (-4).
   rElec:     It insulates you from electricity.
   rCorr:     It protects you from acid and corrosion.
 n - a +6 ring of dexterity (left hand)
 o - the amulet "Mabluy" (around neck) {Acrobat Dex+6}
   (You acquired it on level 10 of the Dungeon)

   [amulet of the acrobat]

   It increases your evasion while moving and waiting.
   Dex:       It affects your dexterity (+6).
 p - a ring of fire
Scrolls
 l - 2 scrolls of identify
Potions
 b - 3 potions of cancellation
 c - 7 potions of haste
 h - 7 potions of heal wounds
 j - a potion of might
 m - 3 potions of mutation
 q - 12 potions of curing
 s - a potion of resistance

Dungeon Overview and Level Annotations

Branches:
Dungeon (15/15)            Temple (0/1) D:6            Lair (5/5) D:8
 Shoals (0/4) Lair:3        Snake (0/4) Lair:3        Slime (0/5) Lair:5
    Orc (2/2) D:12            Elf (0/3) Orc:2        Vaults (0/5) D:13
 Depths (0/4) D:15        Gauntlet (visited)

Altars:
Ashenzari
Cheibriados
Gozag
Hepliaklqana
Makhleb
Nemelex Xobeh
Wu Jian
Xom
The Shining One
Jiyva

Shops:
D:1 :   D:8 :   D:9 :(   Orc:2 ?

Portals:
Trove: D:11 (show abyssal rune of Zot)

Annotations:
D:7 3 runed translucent doors, qw's ghost, novice GrFi
D:14 3 runed translucent doors, qw's ghost, journeyman MiBe
Lair:4 3 runed translucent doors, qw's ghost, journeyman MiBe; qw's ghost, journeyman TrCA


Message History

You block the orc priest's attack.
You hit the orc knight but do no damage.
The orc knight is severely wounded.
You barely miss the orc priest.
The orc priest begins to cast a cantrip, but forgets the words!
You block the orc knight's attack. You block the orc warrior's attack.
You slice the orc knight!!
The orc knight is almost dead.
You closely miss the orc priest. The orc priest barely misses you.
You block the orc knight's attack. The orc warrior barely misses you.
You slash the orc knight!
You kill the orc knight!
Trog accepts your kill.
You slash the orc priest! You block the orc priest's attack.
You barely miss the orc priest.
The orc priest is almost dead.
The orc priest mumbles some strange prayers to Beogh against you.
Beogh smites you! You block the orc warrior's attack.
The orc priest calls upon Beogh to heal the orc priest.
The orc priest is healed somewhat.
You hit the orc priest.
The orc priest is almost dead.
You block the orc priest's attack.
The orc warrior hits you but does no damage.
You barely miss the orc priest.
The orc priest is almost dead.
You block the orc priest's attack.
You barely miss the orc priest.
The orc priest is almost dead.
You block the orc warrior's attack.
You closely miss the orc priest.
The orc priest is almost dead.
You slice the orc priest!!
You kill the orc priest!
Trog accepts your kill.
The orc priest mumbles some strange prayers to Beogh against you.
Beogh smites you!
You die...

###.....#.##
..##)......#
..........##
........### #.......#
#......## .......#
###### ......##
##..))##### .......#
##..##)@)..# .......#
#..##))o)o..#
.......###.##...##o#.\#
......###..##..## .# .#
......###.##... .
.......##.##... .#
......###.##... .
.......##.#####.. .#
.................


You could see an orc warrior (strong), an orc priest (fast, strong) and an orc
wizard (strong).

Vanquished Creatures
  Rupert (D:13)
  Kirke (D:13)
  Louise (D:15)
  A minotaur (Gauntlet)
  Josephine (D:15)
  A fire dragon (D:15)
  An ice dragon (D:15)
  8 hydras
  Erolcha (D:13)
  3 boulder beetles
  A catoblepas (Gauntlet)
  A centaur warrior (D:14)
  2 death knights
  8 two-headed ogres
  A tengu warrior (D:14)
  3 orc high priests (Orc:2)
  A skeletal warrior (D:14)
  A glowing orange brain (D:9)
  An obsidian statue (Gauntlet)
  A phantasmal warrior (D:14)
  A harpy (shapeshifter) (D:14)
  14 ugly things
  5 orc sorcerers (Orc:2)
  A manticore (D:14)
  6 orc knights
  4 deep elf pyromancers
  7 elephants
  6 black mambas
  9 cane toads
  2 gargoyles
  Maggie (D:8)
  An efreet (D:14)
  3 freezing wraiths
  10 komodo dragons
  3 unseen horrors
  A tengu conjurer (D:13)
  7 trolls
  2 trolls (shapeshifter)
  5 polar bears (Lair:5)
  10 slime creatures
  4 hornets (Lair:5)
  12 blink frogs
  12 dream sheep
  A centaur simulacrum (Gauntlet)
  11 spriggans (Lair:5)
  11 wraiths
  A shadow (D:8)
  4 wyverns
  2 vampires
  3 hogs (D:13)
  6 basilisks
  45 yaks
  A steam dragon (D:6)
  3 nagas (Lair:3)
  A warg (D:14)
  An acid dragon (D:14)
  14 water moccasins
  A meliai simulacrum (Gauntlet)
  18 orc warriors
  3 ice beasts
  4 ogres
  A sky beast (D:8)
  6 black bears
  5 boggarts (Lair:5)
  9 centaurs
  18 wolves (Lair:5)
  16 bullfrogs
  A cane toad simulacrum (Gauntlet)
  4 kobold brigands
  3 necrophages
  2 gnoll sergeants
  5 scorpions
  11 killer bees
  An electric eel (Lair:3)
  2 howler monkeys
  3 jellies
  A hound (D:5)
  A gnoll bouda (D:10)
  13 orc priests
  8 iguanas
  16 orc wizards
  A mummy (D:13)
  23 gnolls
  4 adders
  3 shadow imps
  An ufetubus (D:6)
  2 worms (D:3)
  6 dart slugs
  63 orcs
  4 bats
  4 endoplasms
  6 giant cockroaches
  9 goblins
  9 hobgoblins
  8 jackals
  9 quokkas
  7 ball pythons
  30 kobolds
  3 rats
613 creatures vanquished.

Vanquished Creatures (collateral kills)
  2 hydras
  An obsidian statue (D:9)
  An elephant (Lair:5)
  A polar bear (Lair:5)
  An orc warrior (D:12)
  2 orcs (D:12)
8 creatures vanquished.

Vanquished Creatures (others)
  39 fungi
  66 plants
  6 withered plants (Lair:4)
111 creatures vanquished.

Grand Total: 732 creatures vanquished

Notes
Turn   | Place    | Note
-------+----------+-------------------------------------------
     0 | D:1      | qw the Gargoyle Berserker began the quest for the Orb.
     0 | D:1      | Reached XP level 1. HP: 14/14 MP: 1/1
     0 | D:1      | 0 ||| qw: Version: 0.1-a-104-g96f76f8
     0 | D:1      | 0 ||| qw: Game counter: 5831
     0 | D:1      | 0 ||| qw: Always use a shield: true
     0 | D:1      | 0 ||| qw: Do Orc after D:15 true
     0 | D:1      | 0 ||| qw: Do second Lair branch before Depths: true
     0 | D:1      | 0 ||| qw: Lair rune preference: random
     0 | D:1      | 0 ||| qw: Plans: Normal
     0 | D:1      | 0 ||| PLANNING D:1-11
    17 | D:1      | 17 ||| INVOKING Berserk.
   226 | D:1      | Reached skill level 3 in Axes
   248 | D:1      | Reached XP level 2. HP: 15/19 MP: 2/2
   396 | D:1      | Found a faded altar of an unknown god.
   721 | D:1      | 721 ||| Stepping ~*~*~tactically~*~*~ (stealth).
   723 | D:1      | 723 ||| Stepping ~*~*~tactically~*~*~ (stealth).
   971 | D:1      | Found Luhoqul's Vocational Training.
   985 | D:1      | Reached XP level 3. HP: 20/23 MP: 3/3
  1006 | D:1      | 1006 ||| Stepping ~*~*~tactically~*~*~ (stealth).
  1052 | D:1      | Reached ** piety under Trog
  1055 | D:1      | 1055 ||| Stepping ~*~*~tactically~*~*~ (stealth).
  1281 | D:1      | Reached skill level 4 in Axes
  1925 | D:1      | 1925 ||| UPGRADING to +0 ring mail.
  1935 | D:1      | 1935 ||| DROPPING +0 animal skin.
  1936 | D:1      | 1936 ||| UPGRADING to +0 pair of boots.
  1941 | D:1      | 1941 ||| READING scroll labelled AGISUU ISERUFI.
  1942 | D:1      | 1942 ||| DRINKING 2 orange potions.
  2311 | D:2      | Reached XP level 4. HP: 28/28 MP: 4/4
  2322 | D:2      | Found a sparkling altar of Nemelex Xobeh.
  2475 | D:2      | 2475 ||| Stepping ~*~*~tactically~*~*~ (hiding).
  2480 | D:2      | 2480 ||| Stepping ~*~*~tactically~*~*~ (hiding).
  2664 | D:2      | 2664 ||| READING scroll labelled ZYHIXO SUNUUFO.
  2665 | D:2      | 2665 ||| READING scroll labelled WEDOWK RAGGADD.
  2767 | D:3      | 2767 ||| Stepping ~*~*~tactically~*~*~ (hiding).
  2768 | D:3      | 2768 ||| Stepping ~*~*~tactically~*~*~ (stealth).
  2776 | D:3      | 2776 ||| INVOKING Berserk.
  2792 | D:3      | Reached skill level 5 in Axes
  2796 | D:3      | Reached XP level 5. HP: 12/32 MP: 5/5
  2821 | D:3      | 2821 ||| FLEEEEING.
  2822 | D:3      | 2822 ||| FLEEEEING.
  2823 | D:3      | 2823 ||| FLEEEEING.
  2824 | D:3      | 2824 ||| FLEEEEING.
  2825 | D:3      | 2825 ||| FLEEEEING.
  2826 | D:3      | 2826 ||| FLEEEEING.
  2827 | D:3      | 2827 ||| FLEEEEING.
  2828 | D:3      | 2828 ||| FLEEEEING.
  2829 | D:3      | 2829 ||| FLEEEEING.
  2830 | D:3      | 2830 ||| FLEEEEING.
  2831 | D:3      | 2831 ||| FLEEEEING.
  2832 | D:3      | 2832 ||| FLEEEEING.
  2833 | D:3      | 2833 ||| FLEEEEING.
  2834 | D:3      | 2834 ||| FLEEEEING.
  2835 | D:3      | 2835 ||| FLEEEEING.
  2836 | D:3      | 2836 ||| STAIRDANCE
  2989 | D:3      | 2989 ||| STAIRDANCE
  3067 | D:3      | 3067 ||| STAIRDANCE
  3078 | D:3      | 3078 ||| STAIRDANCE
  3085 | D:3      | Reached *** piety under Trog
  3092 | D:3      | 3092 ||| Stepping ~*~*~tactically~*~*~ (stealth).
  3094 | D:3      | 3094 ||| Stepping ~*~*~tactically~*~*~ (hiding).
  3095 | D:3      | 3095 ||| Stepping ~*~*~tactically~*~*~ (hiding).
  3097 | D:3      | 3097 ||| Stepping ~*~*~tactically~*~*~ (hiding).
  3098 | D:3      | 3098 ||| Stepping ~*~*~tactically~*~*~ (hiding).
  3099 | D:3      | 3099 ||| Stepping ~*~*~tactically~*~*~ (hiding).
  3103 | D:3      | 3103 ||| INVOKING Berserk.
  3214 | D:3      | 3214 ||| DROPPING +0 club.
  3352 | D:3      | 3352 ||| INVOKING Berserk.
  3364 | D:3      | Reached skill level 1 in Throwing
  3688 | D:3      | 3688 ||| Stepping ~*~*~tactically~*~*~ (stealth).
  3689 | D:3      | 3689 ||| Stepping ~*~*~tactically~*~*~ (stealth).
  3759 | D:3      | 3759 ||| READING scroll labelled QUCLU VOTSEHYSS.
  3834 | D:4      | Reached XP level 6. HP: 28/38 MP: 6/6
  3844 | D:4      | 3844 ||| FLEEEEING.
  3845 | D:4      | 3845 ||| FLEEEEING.
  3846 | D:4      | 3846 ||| FLEEEEING.
  3847 | D:4      | 3847 ||| FLEEEEING.
  3848 | D:4      | 3848 ||| FLEEEEING.
  3849 | D:4      | 3849 ||| FLEEEEING.
  3851 | D:4      | 3851 ||| FLEEEEING.
  3852 | D:4      | 3852 ||| FLEEEEING.
  3853 | D:4      | 3853 ||| FLEEEEING.
  3858 | D:4      | 3858 ||| STAIRDANCE
  4013 | D:4      | 4013 ||| Stepping ~*~*~tactically~*~*~ (hiding).
  4015 | D:4      | 4015 ||| INVOKING Berserk.
  4147 | D:4      | 4147 ||| Stepping ~*~*~tactically~*~*~ (stealth).
  4150 | D:4      | 4150 ||| Stepping ~*~*~tactically~*~*~ (stealth).
  4199 | D:4      | 4199 ||| DROPPING +0 whip.
  4236 | D:4      | Noticed a black bear
  4240 | D:4      | 4240 ||| INVOKING Berserk.
  4243 | D:4      | Killed a black bear
  4244 | D:4      | Reached skill level 6 in Axes
  4261 | D:4      | 4261 ||| Stepping ~*~*~tactically~*~*~ (stealth).
  4334 | D:4      | Reached XP level 7. HP: 43/43 MP: 7/7
  4334 | D:4      | 4334 ||| Stepping ~*~*~tactically~*~*~ (stealth).
  4440 | D:4      | 4440 ||| Stepping ~*~*~tactically~*~*~ (stealth).
  4443 | D:4      | 4443 ||| Stepping ~*~*~tactically~*~*~ (stealth).
  4445 | D:4      | 4445 ||| Stepping ~*~*~tactically~*~*~ (stealth).
  4484 | D:4      | 4484 ||| SWAPPING to +0 war axe.
  4485 | D:4      | 4485 ||| DROPPING +0 hand axe.
  4506 | D:4      | 4506 ||| Stepping ~*~*~tactically~*~*~ (hiding).
  4730 | D:4      | Found a glowing golden altar of the Shining One.
  4734 | D:4      | 4734 ||| UPGRADING to +0 cloak.
  4752 | D:4      | Reached skill level 7 in Axes
  4953 | D:4      | 4953 ||| READING scroll labelled ZYUTEXTUQONN.
  4983 | D:5      | Entered Level 5 of the Dungeon
  5228 | D:5      | 5228 ||| Stepping ~*~*~tactically~*~*~ (hiding).
  5246 | D:5      | 5246 ||| INVOKING Berserk.
  5249 | D:5      | Reached XP level 8. HP: 49/49 MP: 8/8
  5419 | D:5      | 5419 ||| INVOKING Berserk.
  5442 | D:5      | 5442 ||| Stepping ~*~*~tactically~*~*~ (stealth).
  5444 | D:5      | 5444 ||| Stepping ~*~*~tactically~*~*~ (stealth).
  5484 | D:5      | Reached skill level 8 in Axes
  5537 | D:5      | 5537 ||| Stepping ~*~*~tactically~*~*~ (stealth).
  5540 | D:5      | 5540 ||| Stepping ~*~*~tactically~*~*~ (stealth).
  5545 | D:5      | 5545 ||| Stepping ~*~*~tactically~*~*~ (stealth).
  5681 | D:5      | 5681 ||| UPGRADING to +0 scale mail.
  5691 | D:5      | 5691 ||| DROPPING +0 ring mail.
  5692 | D:5      | 5692 ||| READING scroll labelled BEIRREMOWE.
  5693 | D:5      | 5693 ||| DRINKING 2 smoky puce potions.
  5694 | D:5      | 5694 ||| DRINKING 3 blue potions.
  5695 | D:5      | 5695 ||| READING 2 scrolls of identify.
  5695 | D:5      | 5695 ||| IDENTIFYING inky potion
  5696 | D:5      | 5696 ||| DROPPING potion of attraction.
  5697 | D:5      | 5697 ||| DROPPING potion of flight.
  5711 | D:6      | 5711 ||| Stepping ~*~*~tactically~*~*~ (stealth).
  5722 | D:6      | 5722 ||| Stepping ~*~*~tactically~*~*~ (stealth).
  5724 | D:6      | 5724 ||| INVOKING Berserk.
  5728 | D:6      | Reached skill level 3 in Armour
  5811 | D:6      | 5811 ||| INVOKING Berserk.
  5872 | D:6      | 5872 ||| Stepping ~*~*~tactically~*~*~ (stealth).
  5925 | D:6      | 5925 ||| DROPPING +0 flail.
  5944 | D:6      | 5944 ||| Stepping ~*~*~tactically~*~*~ (hiding).
  5945 | D:6      | 5945 ||| Stepping ~*~*~tactically~*~*~ (hiding).
  5951 | D:6      | Reached skill level 6 in Fighting
  6078 | D:6      | 6078 ||| INVOKING Berserk.
  6181 | D:6      | Found a staircase to the Ecumenical Temple.
  6204 | D:6      | Found a broken altar of Ashenzari.
  6204 | D:6      | Found a hazy altar of Hepliaklqana.
  6204 | D:6      | Found an ornate altar of the Wu Jian Council.
  6205 | D:6      | Found a snail-covered altar of Cheibriados.
  6205 | D:6      | Found a shimmering altar of Xom.
  6358 | D:6      | Reached skill level 9 in Axes
  6395 | D:6      | Reached XP level 9. HP: 56/56 MP: 9/9
  6505 | D:6      | 6505 ||| INVOKING Berserk.
  6824 | D:6      | 6824 ||| Stepping ~*~*~tactically~*~*~ (stealth).
  6879 | D:6      | 6879 ||| UPGRADING to +0 plate armour.
  6889 | D:6      | 6889 ||| UPGRADING to +2 pair of gloves.
  6894 | D:6      | 6894 ||| DROPPING +0 scale mail.
  6895 | D:6      | 6895 ||| READING 2 scrolls labelled XAOXADI CUWKIEM.
  6899 | D:6      | 6899 ||| READING scroll labelled XOMEL JO WUM.
  6900 | D:6      | 6900 ||| READING scroll labelled DAEXEA VOSA.
  6901 | D:6      | 6901 ||| DRINKING 2 red potions.
  7002 | D:6      | 7002 ||| DROPPING potion of ambrosia.
  7314 | D:7      | 7314 ||| Stepping ~*~*~tactically~*~*~ (hiding).
  7316 | D:7      | 7316 ||| Stepping ~*~*~tactically~*~*~ (hiding).
  7324 | D:7      | 7324 ||| INVOKING Berserk.
  7411 | D:7      | 7411 ||| Stepping ~*~*~tactically~*~*~ (stealth).
  7413 | D:7      | 7413 ||| Stepping ~*~*~tactically~*~*~ (stealth).
  7424 | D:7      | 7424 ||| Stepping ~*~*~tactically~*~*~ (stealth).
  7425 | D:7      | 7425 ||| Stepping ~*~*~tactically~*~*~ (stealth).
  7428 | D:7      | Reached **** piety under Trog
  7477 | D:7      | 7477 ||| Stepping ~*~*~tactically~*~*~ (stealth).
  7573 | D:7      | 7573 ||| READING scroll of enchant armour.
  7573 | D:7      | 7573 ||| ENCHANTING +0 pair of boots.
  7591 | D:7      | 7591 ||| INVOKING Berserk.
  7788 | D:7      | Found a burning altar of Makhleb.
  7884 | D:7      | 7884 ||| READING scroll of teleportation.
  7948 | D:7      | Found a runed translucent gate.
  7950 | D:7      | Found a runed translucent gate.
  7950 | D:7      | Found a runed translucent gate.
  7954 | D:7      | Noticed qw's ghost (novice GrFi)
  7986 | D:7      | 7986 ||| Stepping ~*~*~tactically~*~*~ (hiding).
  8134 | D:7      | Reached skill level 6 in Armour
  8145 | D:7      | 8145 ||| Stepping ~*~*~tactically~*~*~ (stealth).
  8146 | D:7      | 8146 ||| Stepping ~*~*~tactically~*~*~ (stealth).
  8151 | D:7      | 8151 ||| INVOKING Berserk.
  8163 | D:7      | 8163 ||| Stepping ~*~*~tactically~*~*~ (stealth).
  8170 | D:7      | 8170 ||| Stepping ~*~*~tactically~*~*~ (stealth).
  8237 | D:7      | 8237 ||| Stepping ~*~*~tactically~*~*~ (hiding).
  8366 | D:7      | 8366 ||| FLEEEEING.
  8367 | D:7      | 8367 ||| FLEEEEING.
  8368 | D:7      | 8368 ||| FLEEEEING.
  8369 | D:7      | 8369 ||| FLEEEEING.
  8370 | D:7      | 8370 ||| FLEEEEING.
  8371 | D:7      | 8371 ||| FLEEEEING.
  8372 | D:7      | 8372 ||| FLEEEEING.
  8440 | D:7      | 8440 ||| INVOKING Berserk.
  8443 | D:7      | Reached skill level 10 in Axes
  8774 | D:7      | 8774 ||| READING 4 scrolls labelled DILLUNGEPH.
  8775 | D:7      | 8775 ||| DRINKING 2 fuming orange potions.
  8821 | D:7      | 8821 ||| DROPPING 3 scrolls of vulnerability.
  8822 | D:7      | 8822 ||| DROPPING potion of lignification.
  8846 | D:8      | 8846 ||| INVOKING Berserk.
  8962 | D:8      | 8962 ||| INVOKING Berserk.
  8977 | D:8      | 8977 ||| FLEEEEING.
  8978 | D:8      | 8978 ||| FLEEEEING.
  8979 | D:8      | 8979 ||| FLEEEEING.
  8984 | D:8      | 8984 ||| STAIRDANCE
  9162 | D:8      | 9162 ||| Stepping ~*~*~tactically~*~*~ (hiding).
  9174 | D:8      | Noticed Maggie
  9175 | D:8      | 9175 ||| INVOKING Berserk.
  9182 | D:8      | Reached XP level 10. HP: 34/63 MP: 10/10
  9187 | D:8      | Killed Maggie
  9206 | D:8      | Noticed a two-headed ogre
  9207 | D:8      | 9207 ||| FLEEEEING.
  9212 | D:8      | 9212 ||| FLEEEEING.
  9228 | D:8      | HP: 13/65 [scorpion (6)]
  9229 | D:8      | 9229 ||| DRINKING 2 potions of heal wounds.
  9354 | D:8      | 9354 ||| INVOKING Berserk.
  9360 | D:8      | Killed a two-headed ogre
  9605 | D:8      | Found Hamynov's Book Shop.
  9748 | D:8      | Found a staircase to the Lair.
  9751 | D:8      | 9751 ||| INVOKING Berserk.
  9766 | D:8      | Reached skill level 11 in Axes
 10383 | D:8      | 10383 ||| PLANNING LAIR
 10383 | D:8      | 10383 ||| UPGRADING to +0 buckler.
 10388 | D:8      | 10388 ||| UPGRADING to +6 ring of dexterity.
 10389 | D:8      | 10389 ||| DRINKING 2 emerald potions.
 10441 | Lair:1   | Entered Level 1 of the Lair of Beasts
 10470 | Lair:1   | Noticed a black mamba
 10473 | Lair:1   | 10473 ||| INVOKING Berserk.
 10477 | Lair:1   | Killed a black mamba
 10623 | Lair:1   | Noticed a cane toad
 10628 | Lair:1   | 10628 ||| INVOKING Berserk.
 10634 | Lair:1   | Killed a cane toad
 10635 | Lair:1   | Reached skill level 3 in Shields
 10775 | Lair:1   | 10775 ||| Stepping ~*~*~tactically~*~*~ (stealth).
 10776 | Lair:1   | 10776 ||| Stepping ~*~*~tactically~*~*~ (stealth).
 11028 | Lair:1   | Noticed a black mamba
 11029 | Lair:1   | 11029 ||| INVOKING Berserk.
 11038 | Lair:1   | Killed a black mamba
 11039 | Lair:1   | Reached skill level 9 in Fighting
 11039 | Lair:1   | Reached XP level 11. HP: 71/71 MP: 11/11
 11090 | Lair:1   | 11090 ||| INVOKING Berserk.
 11103 | Lair:1   | 11103 ||| Stepping ~*~*~tactically~*~*~ (stealth).
 11104 | Lair:1   | 11104 ||| Stepping ~*~*~tactically~*~*~ (stealth).
 11107 | Lair:1   | 11107 ||| Stepping ~*~*~tactically~*~*~ (stealth).
 11108 | Lair:1   | 11108 ||| Stepping ~*~*~tactically~*~*~ (stealth).
 11118 | Lair:1   | HP: 13/71 [komodo dragon (15)]
 11119 | Lair:1   | 11119 ||| DRINKING potion of heal wounds.
 11157 | Lair:1   | 11157 ||| Stepping ~*~*~tactically~*~*~ (stealth).
 11158 | Lair:1   | 11158 ||| Stepping ~*~*~tactically~*~*~ (stealth).
 11163 | Lair:1   | 11163 ||| Stepping ~*~*~tactically~*~*~ (stealth).
 11297 | Lair:1   | 11297 ||| INVOKING Berserk.
 11336 | Lair:1   | 11336 ||| Stepping ~*~*~tactically~*~*~ (stealth).
 11462 | Lair:1   | 11462 ||| Stepping ~*~*~tactically~*~*~ (stealth).
 11488 | Lair:1   | Reached skill level 12 in Axes
 11511 | Lair:1   | Noticed an eight-headed hydra
 11512 | Lair:1   | 11512 ||| INVOKING Brothers in Arms.
 11513 | Lair:1   | 11513 ||| INVOKING Brothers in Arms.
 11515 | Lair:1   | 11515 ||| INVOKING Brothers in Arms.
 11516 | Lair:1   | 11516 ||| INVOKING Brothers in Arms.
 11517 | Lair:1   | 11517 ||| INVOKING Brothers in Arms.
 11518 | Lair:1   | 11518 ||| INVOKING Brothers in Arms.
 11519 | Lair:1   | 11519 ||| INVOKING Brothers in Arms.
 11520 | Lair:1   | 11520 ||| SWAPPING to +1 hand axe of flaming.
 11520 | Lair:1   | HP: 17/71 [eight-headed hydra (2)]
 11521 | Lair:1   | 11521 ||| INVOKING Berserk.
 11523 | Lair:1   | Killed a six-headed hydra
 11526 | Lair:1   | HP: 20/106 [iguana (2)]
 11655 | Lair:1   | 11655 ||| Stepping ~*~*~tactically~*~*~ (stealth).
 11656 | Lair:1   | 11656 ||| SWAPPING to +0 war axe of freezing.
 11666 | Lair:1   | 11666 ||| Stepping ~*~*~tactically~*~*~ (stealth).
 11675 | Lair:1   | 11675 ||| Stepping ~*~*~tactically~*~*~ (stealth).
 11676 | Lair:1   | 11676 ||| Stepping ~*~*~tactically~*~*~ (stealth).
 11736 | Lair:1   | 11736 ||| Stepping ~*~*~tactically~*~*~ (stealth).
 11737 | Lair:1   | 11737 ||| Stepping ~*~*~tactically~*~*~ (stealth).
 11740 | Lair:1   | 11740 ||| Stepping ~*~*~tactically~*~*~ (stealth).
 11747 | Lair:1   | 11747 ||| Stepping ~*~*~tactically~*~*~ (stealth).
 11765 | Lair:1   | 11765 ||| Stepping ~*~*~tactically~*~*~ (stealth).
 11780 | Lair:1   | 11780 ||| Stepping ~*~*~tactically~*~*~ (stealth).
 11783 | Lair:1   | 11783 ||| Stepping ~*~*~tactically~*~*~ (stealth).
 11787 | Lair:1   | 11787 ||| Stepping ~*~*~tactically~*~*~ (stealth).
 11792 | Lair:1   | 11792 ||| Stepping ~*~*~tactically~*~*~ (stealth).
 11796 | Lair:1   | 11796 ||| Stepping ~*~*~tactically~*~*~ (hiding).
 11833 | Lair:1   | Reached skill level 9 in Armour
 11973 | Lair:1   | 11973 ||| Stepping ~*~*~tactically~*~*~ (hiding).
 11990 | Lair:1   | 11990 ||| Stepping ~*~*~tactically~*~*~ (stealth).
 11999 | Lair:1   | Reached skill level 6 in Shields
 12001 | Lair:1   | 12001 ||| Stepping ~*~*~tactically~*~*~ (stealth).
 12013 | Lair:1   | 12013 ||| INVOKING Berserk.
 12015 | Lair:1   | Reached skill level 3 in Dodging
 12257 | Lair:1   | 12257 ||| INVOKING Berserk.
 12581 | Lair:1   | 12581 ||| DROPPING ring of magical power.
 12582 | Lair:1   | 12582 ||| DRINKING 2 murky ruby potions.
 12583 | Lair:1   | 12583 ||| READING 4 scrolls of identify.
 12583 | Lair:1   | 12583 ||| IDENTIFYING murky black potion
 12584 | Lair:1   | 12584 ||| READING 3 scrolls of identify.
 12584 | Lair:1   | 12584 ||| IDENTIFYING sedimented orange potion
 12585 | Lair:1   | 12585 ||| READING 2 scrolls of identify.
 12585 | Lair:1   | 12585 ||| IDENTIFYING fuming black potion
 12586 | Lair:1   | 12586 ||| DROPPING potion of degeneration.
 12587 | Lair:1   | 12587 ||| DROPPING potion of berserk rage.
 12588 | Lair:1   | 12588 ||| DROPPING potion of brilliance.
 12622 | Lair:2   | 12622 ||| STAIRDANCE
 12637 | Lair:2   | 12637 ||| INVOKING Berserk.
 12641 | Lair:2   | 12641 ||| STAIRDANCE
 12806 | Lair:2   | 12806 ||| Stepping ~*~*~tactically~*~*~ (stealth).
 12808 | Lair:2   | 12808 ||| Stepping ~*~*~tactically~*~*~ (stealth).
 12974 | Lair:2   | Identified the ring of Fixation {rElec rCorr AC+4 Dex-4}
 13019 | Lair:2   | 13019 ||| INVOKING Berserk.
 13260 | Lair:2   | 13260 ||| INVOKING Berserk.
 13268 | Lair:2   | Reached XP level 12. HP: 77/77 MP: 12/12
 13377 | Lair:2   | 13377 ||| INVOKING Berserk.
 13919 | Lair:2   | 13919 ||| UPGRADING to +0 helmet.
 13924 | Lair:2   | 13924 ||| UPGRADING to ring of Fixation {rElec rCorr AC+4
                  | Dex-4}.
 13925 | Lair:2   | 13925 ||| READING 3 scrolls labelled RUWYGU DAUJINU.
 13926 | Lair:2   | 13926 ||| READING 2 scrolls of enchant weapon.
 13926 | Lair:2   | 13926 ||| ENCHANTING +1 war axe of freezing.
 13927 | Lair:2   | 13927 ||| READING scroll of enchant weapon.
 13927 | Lair:2   | 13927 ||| ENCHANTING +2 war axe of freezing.
 13928 | Lair:2   | 13928 ||| READING scroll labelled TARAHEKUWK.
 13929 | Lair:2   | 13929 ||| READING 2 scrolls of identify.
 13929 | Lair:2   | 13929 ||| IDENTIFYING murky pink potion
 13930 | Lair:2   | 13930 ||| DROPPING potion of invisibility.
 13985 | Lair:3   | 13985 ||| STAIRDANCE
 14044 | Lair:3   | 14044 ||| READING scroll of enchant armour.
 14044 | Lair:3   | 14044 ||| ENCHANTING +0 helmet.
 14168 | Lair:3   | Noticed a five-headed hydra
 14169 | Lair:3   | 14169 ||| INVOKING Brothers in Arms.
 14170 | Lair:3   | 14170 ||| INVOKING Brothers in Arms.
 14171 | Lair:3   | 14171 ||| INVOKING Brothers in Arms.
 14172 | Lair:3   | 14172 ||| SWAPPING to +1 hand axe of flaming.
 14173 | Lair:3   | 14173 ||| INVOKING Berserk.
 14173 | Lair:3   | Killed a five-headed hydra
 14183 | Lair:3   | 14183 ||| SWAPPING to +3 war axe of freezing.
 14396 | Lair:3   | 14396 ||| INVOKING Berserk.
 14399 | Lair:3   | Reached skill level 13 in Axes
 14509 | Lair:3   | 14509 ||| INVOKING Berserk.
 14776 | Lair:3   | 14776 ||| Stepping ~*~*~tactically~*~*~ (hiding).
 14796 | Lair:3   | Found a staircase to the Snake Pit.
 14797 | Lair:3   | 14797 ||| Stepping ~*~*~tactically~*~*~ (hiding).
 14799 | Lair:3   | 14799 ||| Stepping ~*~*~tactically~*~*~ (hiding).
 14815 | Lair:3   | 14815 ||| Stepping ~*~*~tactically~*~*~ (stealth).
 14816 | Lair:3   | 14816 ||| FLEEEEING.
 14818 | Lair:3   | 14818 ||| FLEEEEING.
 14819 | Lair:3   | 14819 ||| FLEEEEING.
 14820 | Lair:3   | 14820 ||| FLEEEEING.
 14822 | Lair:3   | 14822 ||| FLEEEEING.
 14823 | Lair:3   | 14823 ||| FLEEEEING.
 14830 | Lair:3   | 14830 ||| FLEEEEING.
 14847 | Lair:3   | 14847 ||| FLEEEEING.
 14848 | Lair:3   | 14848 ||| FLEEEEING.
 14849 | Lair:3   | 14849 ||| FLEEEEING.
 14850 | Lair:3   | 14850 ||| FLEEEEING.
 14851 | Lair:3   | 14851 ||| FLEEEEING.
 14852 | Lair:3   | 14852 ||| FLEEEEING.
 14853 | Lair:3   | 14853 ||| FLEEEEING.
 14854 | Lair:3   | 14854 ||| FLEEEEING.
 14909 | Lair:3   | 14909 ||| SWAPPING to +0 broad axe.
 14913 | Lair:3   | 14913 ||| DROPPING +3 war axe of freezing.
 14985 | Lair:3   | Found a staircase to the Shoals.
 15066 | Lair:3   | 15066 ||| Stepping ~*~*~tactically~*~*~ (stealth).
 15067 | Lair:3   | 15067 ||| INVOKING Berserk.
 15100 | Lair:3   | 15100 ||| FLEEEEING.
 15105 | Lair:3   | 15105 ||| FLEEEEING.
 15106 | Lair:3   | 15106 ||| STAIRDANCE
 15158 | Lair:2   | 15158 ||| UPGRADING to +2 cloak.
 15168 | Lair:2   | 15168 ||| DROPPING +0 cloak.
 15169 | Lair:2   | 15169 ||| READING scroll labelled LOJIOSH SOEF.
 15239 | Lair:2   | 15239 ||| READING scroll labelled TUV DONAD ROQ.
 15240 | Lair:2   | 15240 ||| READING scroll labelled JEUL JAYB NYU.
 15243 | Lair:3   | 15243 ||| INVOKING Berserk.
 15254 | Lair:3   | 15254 ||| STAIRDANCE
 15476 | Lair:4   | 15476 ||| STAIRDANCE
 15499 | Lair:4   | 15499 ||| STAIRDANCE
 15545 | Lair:4   | 15545 ||| STAIRDANCE
 15556 | Lair:4   | 15556 ||| STAIRDANCE
 15566 | Lair:4   | 15566 ||| STAIRDANCE
 15574 | Lair:3   | Reached skill level 14 in Axes
 15596 | Lair:4   | 15596 ||| STAIRDANCE
 15623 | Lair:4   | Noticed a five-headed hydra
 15624 | Lair:4   | 15624 ||| STAIRDANCE
 15641 | Lair:4   | 15641 ||| INVOKING Brothers in Arms.
 15642 | Lair:4   | 15642 ||| INVOKING Brothers in Arms.
 15643 | Lair:4   | 15643 ||| STAIRDANCE
 15645 | Lair:3   | 15645 ||| INVOKING Brothers in Arms.
 15646 | Lair:3   | 15646 ||| SWAPPING to +1 hand axe of flaming.
 15647 | Lair:3   | 15647 ||| INVOKING Berserk.
 15651 | Lair:3   | Killed a two-headed hydra
 15722 | Lair:3   | 15722 ||| SWAPPING to +0 broad axe.
 15740 | Lair:4   | 15740 ||| STAIRDANCE
 15814 | Lair:4   | 15814 ||| Stepping ~*~*~tactically~*~*~ (stealth).
 15815 | Lair:4   | 15815 ||| Stepping ~*~*~tactically~*~*~ (stealth).
 15816 | Lair:4   | 15816 ||| Stepping ~*~*~tactically~*~*~ (stealth).
 15817 | Lair:4   | 15817 ||| Stepping ~*~*~tactically~*~*~ (stealth).
 15818 | Lair:4   | 15818 ||| Stepping ~*~*~tactically~*~*~ (stealth).
 15965 | Lair:4   | 15965 ||| INVOKING Berserk.
 15991 | Lair:4   | Reached XP level 13. HP: 76/84 MP: 13/13
 16166 | Lair:4   | 16166 ||| Stepping ~*~*~tactically~*~*~ (stealth).
 16186 | Lair:4   | 16186 ||| INVOKING Berserk.
 16341 | Lair:4   | Found a runed translucent gate.
 16342 | Lair:4   | Found a runed translucent gate.
 16342 | Lair:4   | Found a runed translucent gate.
 16343 | Lair:4   | Noticed qw's ghost (journeyman TrCA)
 16344 | Lair:4   | Noticed qw's ghost (journeyman MiBe)
 16378 | Lair:4   | 16378 ||| Stepping ~*~*~tactically~*~*~ (stealth).
 16438 | Lair:4   | 16438 ||| INVOKING Brothers in Arms.
 16439 | Lair:4   | 16439 ||| INVOKING Brothers in Arms.
 16440 | Lair:4   | 16440 ||| INVOKING Brothers in Arms.
 16441 | Lair:4   | 16441 ||| SWAPPING to +1 hand axe of flaming.
 16443 | Lair:4   | 16443 ||| INVOKING Berserk.
 16464 | Lair:4   | 16464 ||| SWAPPING to +0 broad axe.
 16758 | Lair:4   | 16758 ||| Stepping ~*~*~tactically~*~*~ (hiding).
 16981 | Lair:4   | Found a shimmering altar of Xom.
 17068 | Lair:4   | 17068 ||| Stepping ~*~*~tactically~*~*~ (stealth).
 17308 | Lair:4   | 17308 ||| READING scroll of teleportation.
 17349 | Lair:5   | Entered Level 5 of the Lair of Beasts
 17407 | Lair:5   | 17407 ||| SWAPPING to +1 hand axe of flaming.
 17408 | Lair:5   | 17408 ||| INVOKING Berserk.
 17432 | Lair:5   | 17432 ||| SWAPPING to +0 broad axe.
 17464 | Lair:5   | 17464 ||| FLEEEEING.
 17468 | Lair:5   | 17468 ||| INVOKING Brothers in Arms.
 17469 | Lair:5   | 17469 ||| INVOKING Brothers in Arms.
 17470 | Lair:5   | 17470 ||| INVOKING Brothers in Arms.
 17471 | Lair:5   | 17471 ||| INVOKING Brothers in Arms.
 17472 | Lair:5   | 17472 ||| INVOKING Brothers in Arms.
 17473 | Lair:5   | 17473 ||| INVOKING Brothers in Arms.
 17474 | Lair:5   | 17474 ||| INVOKING Brothers in Arms.
 17475 | Lair:5   | 17475 ||| INVOKING Brothers in Arms.
 17476 | Lair:5   | 17476 ||| INVOKING Brothers in Arms.
 17477 | Lair:5   | 17477 ||| INVOKING Brothers in Arms.
 17478 | Lair:5   | 17478 ||| INVOKING Brothers in Arms.
 17479 | Lair:5   | 17479 ||| SWAPPING to +1 hand axe of flaming.
 17480 | Lair:5   | 17480 ||| INVOKING Berserk.
 17484 | Lair:5   | Reached skill level 12 in Fighting
 17546 | Lair:5   | 17546 ||| SWAPPING to +0 broad axe.
 17610 | Lair:5   | 17610 ||| INVOKING Berserk.
 17649 | Lair:5   | 17649 ||| Stepping ~*~*~tactically~*~*~ (stealth).
 17821 | Lair:5   | 17821 ||| Stepping ~*~*~tactically~*~*~ (stealth).
 17823 | Lair:5   | 17823 ||| Stepping ~*~*~tactically~*~*~ (stealth).
 17825 | Lair:5   | 17825 ||| INVOKING Berserk.
 17945 | Lair:5   | 17945 ||| FLEEEEING.
 17946 | Lair:5   | 17946 ||| FLEEEEING.
 17999 | Lair:5   | 17999 ||| FLEEEEING.
 18000 | Lair:5   | 18000 ||| FLEEEEING.
 18001 | Lair:5   | 18001 ||| FLEEEEING.
 18002 | Lair:5   | 18002 ||| FLEEEEING.
 18036 | Lair:5   | 18036 ||| Stepping ~*~*~tactically~*~*~ (stealth).
 18037 | Lair:5   | 18037 ||| Stepping ~*~*~tactically~*~*~ (stealth).
 18038 | Lair:5   | 18038 ||| Stepping ~*~*~tactically~*~*~ (stealth).
 18047 | Lair:5   | 18047 ||| Stepping ~*~*~tactically~*~*~ (stealth).
 18053 | Lair:5   | 18053 ||| INVOKING Berserk.
 18237 | Lair:5   | 18237 ||| Stepping ~*~*~tactically~*~*~ (stealth).
 18240 | Lair:5   | 18240 ||| INVOKING Berserk.
 18400 | Lair:5   | 18400 ||| Stepping ~*~*~tactically~*~*~ (stealth).
 18434 | Lair:5   | 18434 ||| Stepping ~*~*~tactically~*~*~ (stealth).
 18435 | Lair:5   | 18435 ||| Stepping ~*~*~tactically~*~*~ (stealth).
 18462 | Lair:5   | 18462 ||| Stepping ~*~*~tactically~*~*~ (stealth).
 18525 | Lair:5   | 18525 ||| INVOKING Berserk.
 18533 | Lair:5   | Reached skill level 15 in Axes
 18568 | Lair:5   | 18568 ||| INVOKING Berserk.
 18716 | Lair:5   | 18716 ||| Stepping ~*~*~tactically~*~*~ (stealth).
 18723 | Lair:5   | 18723 ||| INVOKING Berserk.
 19060 | Lair:5   | 19060 ||| INVOKING Brothers in Arms.
 19064 | Lair:5   | 19064 ||| SWAPPING to +1 hand axe of flaming.
 19065 | Lair:5   | 19065 ||| INVOKING Berserk.
 19073 | Lair:5   | Reached skill level 12 in Armour
 19077 | Lair:5   | 19077 ||| SWAPPING to +0 broad axe.
 19092 | Lair:5   | 19092 ||| FLEEEEING.
 19097 | Lair:5   | 19097 ||| STAIRDANCE
 19226 | Lair:4   | 19226 ||| UPGRADING to +1 buckler of positive energy.
 19236 | Lair:4   | 19236 ||| DROPPING +0 buckler.
 19237 | Lair:4   | 19237 ||| UPGRADING to +2 buckler.
 19247 | Lair:4   | 19247 ||| DROPPING +1 buckler of positive energy.
 19300 | Lair:5   | 19300 ||| INVOKING Berserk.
 19501 | Lair:5   | Found a viscous altar of Jiyva.
 19501 | Lair:5   | Found a staircase to the Slime Pits.
 19704 | Lair:5   | 19704 ||| READING scroll of enchant armour.
 19704 | Lair:5   | 19704 ||| ENCHANTING +1 helmet.
 19956 | Lair:5   | 19956 ||| Stepping ~*~*~tactically~*~*~ (stealth).
 19957 | Lair:5   | 19957 ||| Stepping ~*~*~tactically~*~*~ (stealth).
 19959 | Lair:5   | 19959 ||| Stepping ~*~*~tactically~*~*~ (stealth).
 19960 | Lair:5   | 19960 ||| Stepping ~*~*~tactically~*~*~ (stealth).
 19961 | Lair:5   | 19961 ||| Stepping ~*~*~tactically~*~*~ (stealth).
 20018 | Lair:5   | 20018 ||| INVOKING Berserk.
 20219 | Lair:5   | 20219 ||| PLANNING D:1-11
 20219 | Lair:5   | 20219 ||| READING 2 scrolls of identify.
 20219 | Lair:5   | 20219 ||| IDENTIFYING viscous clear potion
 20394 | D:9      | 20394 ||| Stepping ~*~*~tactically~*~*~ (stealth).
 20539 | D:9      | 20539 ||| Stepping ~*~*~tactically~*~*~ (stealth).
 20592 | D:9      | 20592 ||| Stepping ~*~*~tactically~*~*~ (stealth).
 20703 | D:9      | Gained mutation: Your large and strong wings let you fly.
                  | [Gargoyle growth]
 20703 | D:9      | Reached XP level 14. HP: 78/92 MP: 14/14
 20895 | D:9      | 20895 ||| Stepping ~*~*~tactically~*~*~ (stealth).
 20899 | D:9      | 20899 ||| Stepping ~*~*~tactically~*~*~ (stealth).
 20901 | D:9      | 20901 ||| Stepping ~*~*~tactically~*~*~ (stealth).
 21017 | D:9      | 21017 ||| READING scroll of enchant weapon.
 21017 | D:9      | 21017 ||| ENCHANTING +0 broad axe.
 21036 | D:9      | 21036 ||| INVOKING Brothers in Arms.
 21109 | D:9      | 21109 ||| READING scroll of enchant armour.
 21109 | D:9      | 21109 ||| ENCHANTING +1 pair of boots.
 21217 | D:9      | Reached skill level 16 in Axes
 21262 | D:9      | Found Buhy's Weapon Emporium.
 21267 | D:9      | 21267 ||| Stepping ~*~*~tactically~*~*~ (stealth).
 21327 | D:9      | Found Pyucam's Book Shop.
 21457 | D:9      | 21457 ||| DROPPING +1 pair of boots.
 21484 | D:10     | Entered Level 10 of the Dungeon
 21531 | D:10     | 21531 ||| READING 2 scrolls of enchant weapon.
 21531 | D:10     | 21531 ||| ENCHANTING +1 broad axe.
 21532 | D:10     | 21532 ||| READING scroll of enchant weapon.
 21532 | D:10     | 21532 ||| ENCHANTING +2 broad axe.
 21548 | D:10     | 21548 ||| Stepping ~*~*~tactically~*~*~ (stealth).
 21640 | D:10     | 21640 ||| Stepping ~*~*~tactically~*~*~ (hiding).
 21976 | D:10     | 21976 ||| READING scroll labelled GILUIT HUGE.
 21976 | D:10     | Identified a scroll of acquirement
 21976 | D:10     | 21976 ||| ACQUIRING amulet "Mabluy" {Acrobat Dex+6}
 21976 | D:10     | Acquired the amulet "Mabluy" {Acrobat Dex+6}
 21978 | D:10     | 21978 ||| UPGRADING to amulet "Mabluy" {Acrobat Dex+6}.
 21983 | D:10     | 21983 ||| READING 2 scrolls of identify.
 21983 | D:10     | 21983 ||| IDENTIFYING bubbling purple potion
 21984 | D:10     | 21984 ||| DROPPING potion of magic.
 22061 | D:11     | 22061 ||| Stepping ~*~*~tactically~*~*~ (stealth).
 22073 | D:11     | 22073 ||| INVOKING Berserk.
 22316 | D:11     | Found a portal to a secret trove of treasure.
 22320 | D:11     | 22320 ||| READING scroll of teleportation.
 22323 | D:11     | Identified the +9 morningstar of Shrieking Terror {flame,
                  | Contam Fly rN+ Dex+3}
 22406 | D:11     | 22406 ||| Stepping randomly (disturbance).
 22470 | D:11     | 22470 ||| DROPPING amulet of guardian spirit.
 22471 | D:11     | 22471 ||| Stepping randomly (stuck).
 22487 | D:11     | 22487 ||| Stepping randomly (stuck).
 22488 | D:11     | 22488 ||| Stepping randomly (stuck).
 22489 | D:11     | 22489 ||| Stepping randomly (stuck).
 22490 | D:11     | 22490 ||| Stepping randomly (stuck).
 22491 | D:11     | 22491 ||| Stepping randomly (stuck).
 22492 | D:11     | 22492 ||| Stepping randomly (stuck).
 22493 | D:11     | 22493 ||| Stepping randomly (stuck).
 22494 | D:11     | 22494 ||| Stepping randomly (stuck).
 22495 | D:11     | 22495 ||| Stepping randomly (stuck).
 22496 | D:11     | 22496 ||| Stepping randomly (stuck).
 22497 | D:11     | 22497 ||| Stepping randomly (stuck).
 22498 | D:11     | 22498 ||| Stepping randomly (stuck).
 22499 | D:11     | 22499 ||| Stepping randomly (stuck).
 22500 | D:11     | 22500 ||| Stepping randomly (stuck).
 22501 | D:11     | 22501 ||| Stepping randomly (stuck).
 22502 | D:11     | 22502 ||| Stepping randomly (stuck).
 22503 | D:11     | 22503 ||| Stepping randomly (stuck).
 22504 | D:11     | 22504 ||| Stepping randomly (stuck).
 22505 | D:11     | 22505 ||| Stepping randomly (stuck).
 22506 | D:11     | 22506 ||| Stepping randomly (stuck).
 22507 | D:11     | 22507 ||| Stepping randomly (stuck).
 22508 | D:11     | 22508 ||| Stepping randomly (stuck).
 22509 | D:11     | 22509 ||| Stepping randomly (stuck).
 22510 | D:11     | 22510 ||| Stepping randomly (stuck).
 22511 | D:11     | 22511 ||| Stepping randomly (stuck).
 22512 | D:11     | 22512 ||| Stepping randomly (stuck).
 22513 | D:11     | 22513 ||| Stepping randomly (stuck).
 22514 | D:11     | 22514 ||| Stepping randomly (stuck).
 22515 | D:11     | 22515 ||| Stepping randomly (stuck).
 22516 | D:11     | 22516 ||| Stepping randomly (stuck).
 22517 | D:11     | 22517 ||| Stepping randomly (stuck).
 22518 | D:11     | 22518 ||| Stepping randomly (stuck).
 22519 | D:11     | 22519 ||| Stepping randomly (stuck).
 22520 | D:11     | 22520 ||| Stepping randomly (stuck).
 22521 | D:11     | 22521 ||| Stepping randomly (stuck).
 22522 | D:11     | 22522 ||| Stepping randomly (stuck).
 22523 | D:11     | 22523 ||| Stepping randomly (stuck).
 22524 | D:11     | 22524 ||| Stepping randomly (stuck).
 22525 | D:11     | 22525 ||| Stepping randomly (stuck).
 22526 | D:11     | 22526 ||| Stepping randomly (stuck).
 22527 | D:11     | 22527 ||| Stepping randomly (stuck).
 22528 | D:11     | 22528 ||| Stepping randomly (stuck).
 22529 | D:11     | 22529 ||| Stepping randomly (stuck).
 22530 | D:11     | 22530 ||| Stepping randomly (stuck).
 22531 | D:11     | 22531 ||| Stepping randomly (stuck).
 22532 | D:11     | 22532 ||| Stepping randomly (stuck).
 22533 | D:11     | 22533 ||| Stepping randomly (stuck).
 22534 | D:11     | 22534 ||| Stepping randomly (stuck).
 22535 | D:11     | 22535 ||| Stepping randomly (stuck).
 22536 | D:11     | 22536 ||| Stepping randomly (stuck).
 22537 | D:11     | 22537 ||| Stepping randomly (stuck).
 22542 | D:11     | 22542 ||| INVOKING Berserk.
 22719 | D:11     | Found the +15 Maxwell's patent armour {-Cast -Tele rElec
                  | Will+ rCorr}
 22929 | D:11     | 22929 ||| Stepping ~*~*~tactically~*~*~ (stealth).
 22930 | D:11     | 22930 ||| Stepping ~*~*~tactically~*~*~ (stealth).
 22932 | D:11     | 22932 ||| Stepping ~*~*~tactically~*~*~ (hiding).
 22954 | D:11     | 22954 ||| Stepping ~*~*~tactically~*~*~ (stealth).
 23005 | D:11     | 23005 ||| Stepping randomly (stuck).
 23006 | D:11     | 23006 ||| Stepping randomly (stuck).
 23007 | D:11     | 23007 ||| Stepping randomly (stuck).
 23008 | D:11     | 23008 ||| Stepping randomly (stuck).
 23009 | D:11     | 23009 ||| Stepping randomly (stuck).
 23010 | D:11     | 23010 ||| Stepping randomly (stuck).
 23011 | D:11     | 23011 ||| Stepping randomly (stuck).
 23012 | D:11     | 23012 ||| Stepping randomly (stuck).
 23013 | D:11     | 23013 ||| Stepping randomly (stuck).
 23014 | D:11     | 23014 ||| Stepping randomly (stuck).
 23015 | D:11     | 23015 ||| Stepping randomly (stuck).
 23016 | D:11     | 23016 ||| Stepping randomly (stuck).
 23017 | D:11     | 23017 ||| Stepping randomly (stuck).
 23018 | D:11     | 23018 ||| Stepping randomly (stuck).
 23019 | D:11     | 23019 ||| Stepping randomly (stuck).
 23020 | D:11     | 23020 ||| Stepping randomly (stuck).
 23021 | D:11     | 23021 ||| Stepping randomly (stuck).
 23022 | D:11     | 23022 ||| Stepping randomly (stuck).
 23023 | D:11     | 23023 ||| Stepping randomly (stuck).
 23024 | D:11     | 23024 ||| Stepping randomly (stuck).
 23025 | D:11     | 23025 ||| Stepping randomly (stuck).
 23026 | D:11     | 23026 ||| Stepping randomly (stuck).
 23027 | D:11     | 23027 ||| Stepping randomly (stuck).
 23028 | D:11     | 23028 ||| Stepping randomly (stuck).
 23029 | D:11     | 23029 ||| Stepping randomly (stuck).
 23030 | D:11     | 23030 ||| Stepping randomly (stuck).
 23031 | D:11     | 23031 ||| Stepping randomly (stuck).
 23032 | D:11     | 23032 ||| Stepping randomly (stuck).
 23033 | D:11     | 23033 ||| Stepping randomly (stuck).
 23034 | D:11     | 23034 ||| Stepping randomly (stuck).
 23035 | D:11     | 23035 ||| Stepping randomly (stuck).
 23036 | D:11     | 23036 ||| Stepping randomly (stuck).
 23037 | D:11     | 23037 ||| Stepping randomly (stuck).
 23038 | D:11     | 23038 ||| Stepping randomly (stuck).
 23039 | D:11     | 23039 ||| Stepping randomly (stuck).
 23040 | D:11     | 23040 ||| Stepping randomly (stuck).
 23041 | D:11     | 23041 ||| Stepping randomly (stuck).
 23042 | D:11     | 23042 ||| Stepping randomly (stuck).
 23043 | D:11     | 23043 ||| Stepping randomly (stuck).
 23044 | D:11     | 23044 ||| Stepping randomly (stuck).
 23045 | D:11     | 23045 ||| Stepping randomly (stuck).
 23046 | D:11     | 23046 ||| Stepping randomly (stuck).
 23047 | D:11     | 23047 ||| Stepping randomly (stuck).
 23048 | D:11     | 23048 ||| Stepping randomly (stuck).
 23049 | D:11     | 23049 ||| Stepping randomly (stuck).
 23050 | D:11     | 23050 ||| Stepping randomly (stuck).
 23051 | D:11     | 23051 ||| Stepping randomly (stuck).
 23052 | D:11     | 23052 ||| Stepping randomly (stuck).
 23053 | D:11     | 23053 ||| Stepping randomly (stuck).
 23054 | D:11     | 23054 ||| Stepping randomly (stuck).
 23055 | D:11     | 23055 ||| Stepping randomly (stuck).
 23056 | D:11     | 23056 ||| Stepping randomly (stuck).
 23057 | D:11     | 23057 ||| Stepping randomly (stuck).
 23058 | D:11     | 23058 ||| Stepping randomly (stuck).
 23059 | D:11     | 23059 ||| Stepping randomly (stuck).
 23060 | D:11     | 23060 ||| Stepping randomly (stuck).
 23061 | D:11     | 23061 ||| Stepping randomly (stuck).
 23062 | D:11     | 23062 ||| Stepping randomly (stuck).
 23063 | D:11     | 23063 ||| Stepping randomly (stuck).
 23064 | D:11     | 23064 ||| Stepping randomly (stuck).
 23065 | D:11     | 23065 ||| Stepping randomly (stuck).
 23066 | D:11     | 23066 ||| Stepping randomly (stuck).
 23067 | D:11     | 23067 ||| Stepping randomly (stuck).
 23068 | D:11     | 23068 ||| Stepping randomly (stuck).
 23069 | D:11     | 23069 ||| Stepping randomly (stuck).
 23070 | D:11     | 23070 ||| Stepping randomly (stuck).
 23071 | D:11     | 23071 ||| Stepping randomly (stuck).
 23072 | D:11     | 23072 ||| Stepping randomly (stuck).
 23073 | D:11     | 23073 ||| Stepping randomly (stuck).
 23074 | D:11     | 23074 ||| Stepping randomly (stuck).
 23075 | D:11     | 23075 ||| Stepping randomly (stuck).
 23076 | D:11     | 23076 ||| Stepping randomly (stuck).
 23077 | D:11     | 23077 ||| Stepping randomly (stuck).
 23078 | D:11     | 23078 ||| Stepping randomly (stuck).
 23079 | D:11     | 23079 ||| Stepping randomly (stuck).
 23456 | D:11     | 23456 ||| PLANNING D
 23491 | D:12     | 23491 ||| INVOKING Berserk.
 23505 | D:12     | 23505 ||| STAIRDANCE
 23614 | D:12     | 23614 ||| STAIRDANCE
 23668 | D:12     | 23668 ||| STAIRDANCE
 23768 | D:12     | 23768 ||| READING scroll of enchant armour.
 23768 | D:12     | 23768 ||| ENCHANTING +0 plate armour.
 23865 | D:12     | 23865 ||| Stepping ~*~*~tactically~*~*~ (hiding).
 23866 | D:12     | 23866 ||| Stepping ~*~*~tactically~*~*~ (hiding).
 23897 | D:12     | Found a staircase to the Orcish Mines.
 23904 | D:12     | 23904 ||| INVOKING Brothers in Arms.
 23905 | D:12     | 23905 ||| INVOKING Brothers in Arms.
 23906 | D:12     | 23906 ||| INVOKING Brothers in Arms.
 23907 | D:12     | 23907 ||| INVOKING Brothers in Arms.
 23908 | D:12     | 23908 ||| INVOKING Brothers in Arms.
 23909 | D:12     | 23909 ||| SWAPPING to +1 hand axe of flaming.
 23910 | D:12     | 23910 ||| INVOKING Berserk.
 23931 | D:12     | 23931 ||| SWAPPING to +3 broad axe.
 24388 | D:12     | 24388 ||| UPGRADING to +0 kite shield.
 24398 | D:12     | 24398 ||| DROPPING +2 buckler.
 24399 | D:12     | 24399 ||| READING 3 scrolls of identify.
 24399 | D:12     | 24399 ||| IDENTIFYING silvery potion
 24431 | D:13     | Noticed Erolcha
 24432 | D:13     | 24432 ||| INVOKING Trog's Hand.
 24433 | D:13     | 24433 ||| INVOKING Berserk.
 24439 | D:13     | Killed Erolcha
 24575 | D:13     | Noticed Rupert
 24576 | D:13     | 24576 ||| INVOKING Trog's Hand.
 24577 | D:13     | 24577 ||| INVOKING Berserk.
 24593 | D:13     | Killed Rupert
 24595 | D:13     | Reached skill level 9 in Shields
 24705 | D:13     | Found a gate to the Vaults.
 24768 | D:13     | Found a snail-covered altar of Cheibriados.
 24784 | D:13     | Noticed Kirke
 24785 | D:13     | 24785 ||| INVOKING Trog's Hand.
 24794 | D:13     | 24794 ||| INVOKING Berserk.
 24806 | D:13     | Killed Kirke
 24965 | D:13     | 24965 ||| INVOKING Berserk.
 25400 | D:13     | 25400 ||| INVOKING Berserk.
 25720 | D:14     | 25720 ||| PLANNING GAUNTLET
 25744 | D:14     | Found a gate leading to a gauntlet.
 25745 | D:14     | 25745 ||| Stepping ~*~*~tactically~*~*~ (stealth).
 25748 | D:14     | 25748 ||| Stepping ~*~*~tactically~*~*~ (stealth).
 25760 | D:14     | 25760 ||| Stepping ~*~*~tactically~*~*~ (stealth).
 25948 | Gauntlet | Entered a Gauntlet
 25948 | Gauntlet | Found a transporter.
 25948 | Gauntlet | Found a transporter.
 25948 | Gauntlet | Found a transporter.
 25969 | Gauntlet | Found a transporter.
 25971 | Gauntlet | Found a transporter.
 25982 | Gauntlet | Found a transporter.
 25987 | Gauntlet | Found a transporter.
 25990 | Gauntlet | Found a transporter.
 26010 | Gauntlet | Found a transporter.
 26031 | Gauntlet | Found a transporter.
 26032 | Gauntlet | Found a transporter.
 26042 | Gauntlet | Found a transporter.
 26133 | Gauntlet | 26133 ||| INVOKING Berserk.
 26138 | Gauntlet | Reached XP level 15. HP: 96/96 MP: 15/15
 26252 | Gauntlet | 26252 ||| DROPPING +1 pair of boots of rampaging.
 26259 | Gauntlet | 26259 ||| Stepping randomly (stuck).
 26260 | Gauntlet | 26260 ||| Stepping ~*~*~tactically~*~*~ (cloud).
 26262 | Gauntlet | 26262 ||| Stepping randomly (stuck).
 26315 | Gauntlet | 26315 ||| Stepping randomly (stuck).
 26318 | Gauntlet | 26318 ||| Stepping randomly (stuck).
 26319 | Gauntlet | 26319 ||| Stepping randomly (stuck).
 26356 | Gauntlet | 26356 ||| INVOKING Brothers in Arms.
 26357 | Gauntlet | 26357 ||| INVOKING Brothers in Arms.
 26358 | Gauntlet | 26358 ||| INVOKING Brothers in Arms.
 26359 | Gauntlet | 26359 ||| INVOKING Brothers in Arms.
 26373 | Gauntlet | 26373 ||| INVOKING Berserk.
 26375 | Gauntlet | Identified the ring "Edome" {Fly rPois Will- Str+5 Int+10
                  | Dex-4}
 26487 | Gauntlet | 26487 ||| DROPPING ring "Edome" {Fly rPois Will- Str+5
                  | Int+10 Dex-4}.
 26525 | Gauntlet | 26525 ||| INVOKING Berserk.
 26642 | Gauntlet | 26642 ||| READING scroll of enchant weapon.
 26642 | Gauntlet | 26642 ||| ENCHANTING +3 broad axe.
 26693 | D:14     | 26693 ||| PLANNING D
 26728 | D:14     | 26728 ||| INVOKING Berserk.
 26739 | D:14     | Reached skill level 3 in Throwing
 27040 | D:14     | 27040 ||| Stepping ~*~*~tactically~*~*~ (hiding).
 27165 | D:14     | Found a runed translucent gate.
 27165 | D:14     | Found a runed translucent gate.
 27165 | D:14     | Found a runed translucent gate.
 27168 | D:14     | Found an opulent altar of Gozag.
 27180 | D:14     | 27180 ||| Stepping ~*~*~tactically~*~*~ (hiding).
 27181 | D:14     | 27181 ||| Stepping ~*~*~tactically~*~*~ (hiding).
 27182 | D:14     | 27182 ||| Stepping ~*~*~tactically~*~*~ (hiding).
 27283 | D:14     | 27283 ||| SWAPPING to +1 hand axe of flaming.
 27296 | D:14     | Reached skill level 12 in Shields
 27296 | D:14     | 27296 ||| SWAPPING to +4 broad axe.
 27539 | D:14     | 27539 ||| Stepping ~*~*~tactically~*~*~ (stealth).
 27540 | D:14     | 27540 ||| INVOKING Berserk.
 27639 | D:14     | 27639 ||| INVOKING Berserk.
 27963 | D:14     | Noticed a sphinx
 27964 | D:14     | Noticed a sphinx
 27964 | D:14     | Noticed qw's ghost (journeyman MiBe)
 27989 | D:14     | 27989 ||| READING scroll of enchant weapon.
 27989 | D:14     | 27989 ||| ENCHANTING +4 broad axe.
 28045 | D:14     | 28045 ||| DROPPING +2 chain mail of poison resistance.
 28061 | D:15     | Entered Level 15 of the Dungeon
 28164 | D:15     | 28164 ||| FLEEEEING.
 28165 | D:15     | 28165 ||| FLEEEEING.
 28166 | D:15     | 28166 ||| FLEEEEING.
 28167 | D:15     | 28167 ||| FLEEEEING.
 28168 | D:15     | 28168 ||| FLEEEEING.
 28171 | D:15     | 28171 ||| INVOKING Berserk.
 28288 | D:15     | 28288 ||| INVOKING Berserk.
 28288 | D:15     | HP: 35/144 [deep elf pyromancer/bolt of fire (31)]
 28300 | D:15     | HP: 22/96 [centaur warrior (3)]
 28301 | D:15     | 28301 ||| Stepping ~*~*~tactically~*~*~ (hiding).
 28302 | D:15     | 28302 ||| READING scroll of teleportation.
 28303 | D:15     | 28303 ||| DRINKING 8 potions of heal wounds.
 28551 | D:15     | Noticed Josephine
 28572 | D:15     | Killed Josephine
 28639 | D:15     | 28639 ||| SWAPPING to +1 hand axe of flaming.
 28647 | D:15     | 28647 ||| SWAPPING to +5 broad axe.
 28661 | D:15     | 28661 ||| INVOKING Berserk.
 28816 | D:15     | 28816 ||| Stepping ~*~*~tactically~*~*~ (stealth).
 28819 | D:15     | 28819 ||| Stepping ~*~*~tactically~*~*~ (stealth).
 28827 | D:15     | 28827 ||| INVOKING Berserk.
 29056 | D:15     | Noticed Louise
 29057 | D:15     | 29057 ||| Stepping ~*~*~tactically~*~*~ (hiding).
 29059 | D:15     | 29059 ||| INVOKING Berserk.
 29089 | D:15     | 29089 ||| INVOKING Trog's Hand.
 29103 | D:15     | Killed Louise
 29166 | D:15     | 29166 ||| Stepping ~*~*~tactically~*~*~ (stealth).
 29168 | D:15     | 29168 ||| Stepping ~*~*~tactically~*~*~ (stealth).
 29216 | D:15     | 29216 ||| Stepping ~*~*~tactically~*~*~ (hiding).
 29220 | D:15     | 29220 ||| INVOKING Berserk.
 29467 | D:15     | Found a staircase to the Depths.
 29583 | D:15     | 29583 ||| PLANNING ORC
 29583 | D:15     | 29583 ||| UPGRADING to +3 plate armour.
 29593 | D:15     | 29593 ||| DROPPING +1 plate armour.
 29594 | D:15     | 29594 ||| UPGRADING to +0 tower shield.
 29604 | D:15     | 29604 ||| DROPPING +0 kite shield.
 29605 | D:15     | 29605 ||| DROPPING amulet of regeneration.
 29668 | Orc:1    | Entered Level 1 of the Orcish Mines
 29676 | Orc:1    | 29676 ||| INVOKING Berserk.
 29910 | Orc:2    | Entered Level 2 of the Orcish Mines
 29911 | Orc:2    | 29911 ||| INVOKING Trog's Hand.
 29914 | Orc:2    | 29914 ||| INVOKING Berserk.
 29932 | Orc:2    | 29932 ||| FLEEEEING.
 29933 | Orc:2    | 29933 ||| FLEEEEING.
 29934 | Orc:2    | 29934 ||| STAIRDANCE
 30148 | Orc:2    | Found a staircase to the Elven Halls.
 30241 | Orc:2    | 30241 ||| Stepping ~*~*~tactically~*~*~ (hiding).
 30248 | Orc:2    | 30248 ||| INVOKING Berserk.
 30250 | Orc:2    | Found Amawiud's Magic Scroll Shoppe.
 30265 | Orc:2    | 30265 ||| INVOKING Trog's Hand.
 30287 | Orc:2    | 30287 ||| INVOKING Trog's Hand.
 30291 | Orc:2    | 30291 ||| INVOKING Berserk.
 30308 | Orc:2    | HP: 34/144 [ynoxinul/iron shot[an orc high priest] (22)]
 30317 | Orc:2    | HP: 23/144 [orc priest/divine providence (13)]
 30323 | Orc:2    | HP: 13/144 [orc priest/divine providence (11)]
 30327 | Orc:2    | Killed from afar by an orc priest

Levels and vault maps discovered:
D:1:      spicycebolla_green_bress_n_ham_2, layout_basic,
          hellmonk_ecumenical_altar_blasted, serial_forest,
          infiniplex_forest_lined_ring, infiniplex_forest_clump_large,
          infiniplex_forest_end_3, infiniplex_forest_straight_2,
          infiniplex_forest_lined_room_, infiniplex_forest_clump_small,
          infiniplex_forest_clump_tiny, infiniplex_forest_clump_medium,
          infiniplex_forest_end_3, chequers_serial_rivers_micro_a, minivault_11,
          nicolae_shop_vocational
D:2:      layout_rooms, basic_altar
D:3:      layout_rooms
D:4:      layout_basic, amcnicky_altar_gilded
D:5:      layout_basic
D:6:      layout_basic, grunt_temple_overflow_open,
          minmay_temple_entry_antechambers
D:7:      kennysheep_housing_project, layout_loops_corners, lemuel_doored_altar,
          gammafunk_ghost_necromancy
D:8:      layout_layer_cave, grunt_lair_entry_orc_guard_hut, serial_shops,
          shop_statue, chequers_serial_rivers_room_b, uniq_maggie
D:9:      layout_irregular_city, serial_shops, nicolae_lakefront_shop,
          kennysheep_little_box, minmay_misc_feat_pillars, minivault_16,
          kennysheep_just_a_vault
D:10:     layout_roguey
D:11:     minmay_skewed_foursquare, layout_basic,
          nicolae_trove_entry_free_sample, serial_corexii_hall,
          corexii_hall_statues_t, corexii_hall_statues_l
D:12:     layout_gridville, david_orc_3
D:13:     layout_roguey, david_vaults_1, slow_altar_1, uniq_erolcha,
          uniq_rupert, uniq_kirke
D:14:     layout_rooms, nicolae_water_bricks, ebering_ghost_gozag,
          gauntlet_entry_generic
D:15:     grunt_enter_depths_hoard, layout_basic, uniq_louise, uniq_josephine
Lair:1:   beast_lair_carwin_large_4, layout_loops_ring, grunt_megastairs_3
Lair:2:   layout_long_grid
Lair:3:   layout_gridlike, elwin_shoals_entry_rooms,
          minmay_snake_entry_guardpost_small
Lair:4:   layout_regular_city, gammafunk_ghost_cemetery, lemuel_centaur_altar,
          lemuel_fruit_tree
Lair:5:   minmay_lair_end_enchanted_forest, layout_gridlike, slime_entry_1,
          portal_ice_cave_entry_pillars_1, eino_small_chamber_without_monster
Orc:1:    layout_diamond_mine, gammafunk_ghost_smash
Orc:2:    st_orc_elflike, layout_diamond_mine, okawaru_metal_pillars_1_2

Skill      XL: |  1  2  3  4  5  6  7  8  9 10 11 12 13 14 15 |
---------------+----------------------------------------------+-----
Axes           | 3 4 5 6 7 9 10 11 12 14 15 16 | 16.8
Throwing       | 1 2 5 |  5.0
Fighting       | 4 5 6 7 9 10 11 12 | 12.2
Armour         | 3 7 8 9 10 12 | 12.0
Shields        | 5 6 7 11 14 | 14.2
Dodging        | 2 3 4 |  4.0

Action                   |  1- 3 |  4- 6 |  7- 9 | 10-12 | 13-15 || total
-------------------------+-------+-------+-------+-------+-------++-------
Melee: Hand axe          |   115 |   119 |    17 |    10 |    48 ||   309
       Punch             |     1 |     2 |     2 |       |       ||     5
       War axe           |       |       |   304 |   368 |       ||   672
       Broad axe         |       |       |       |   163 |  1282 ||  1445
Throw: Boomerang         |       |    14 |    26 |    56 |       ||    96
       Javelin           |       |       |       |       |    18 ||    18
Invok: Berserk           |     1 |     5 |    13 |    21 |    39 ||    79
       Brothers in Arms  |       |       |       |     3 |     6 ||     9
       Trog's Hand       |       |       |       |       |     7 ||     7
  Use: Scroll            |     1 |     3 |     9 |    12 |    15 ||    40
       Potion            |     1 |       |     4 |     4 |     1 ||    10
Armor: Animal skin       |    29 |       |       |       |       ||    29
       Ring mail         |     7 |    51 |    46 |       |       ||   104
       Scale mail        |       |       |    15 |       |       ||    15
       Plate armour      |       |       |   142 |   368 |   834 ||  1344
Dodge: Dodged            |    71 |    49 |   155 |   165 |   359 ||   799
Block: Buckler           |       |       |       |   105 |   215 ||   320
       Kite shield       |       |       |       |       |   205 ||   205
       Tower shield      |       |       |       |       |   112 ||   112

Table legend:
 A = Non-vault XP
 B = Vault XP
 C = Vault XP percentage of total XP
 D = Non-vault monster count
 E = Vault monster count
 F = Vault count percentage of total count
                 A         B        C        D         E       F
            +---------+---------+-------+---------+---------+-------
      Total |   79862 |   41253 |  34.1 |     452 |     169 |  27.2
            +---------+---------+-------+---------+---------+-------
        D:1 |      61 |       0 |   0.0 |      33 |       0 |   0.0
        D:2 |      50 |       0 |   0.0 |      21 |       0 |   0.0
        D:3 |     160 |       0 |   0.0 |      23 |       0 |   0.0
        D:4 |     526 |       0 |   0.0 |      24 |       0 |   0.0
        D:5 |     665 |       0 |   0.0 |      17 |       0 |   0.0
        D:6 |    1180 |       0 |   0.0 |      19 |       0 |   0.0
        D:7 |     533 |     897 |  62.7 |      20 |      30 |  60.0
        D:8 |    1845 |     939 |  33.7 |      20 |       6 |  23.1
        D:9 |    4618 |    1393 |  23.2 |      26 |       2 |   7.1
       D:10 |     853 |       0 |   0.0 |      24 |       0 |   0.0
       D:11 |    6045 |    2900 |  32.4 |      18 |       8 |  30.8
       D:12 |    4167 |     277 |   6.2 |       8 |       8 |  50.0
       D:13 |    3109 |    5893 |  65.5 |       6 |      10 |  62.5
       D:14 |   12486 |       0 |   0.0 |      26 |       0 |   0.0
       D:15 |    7468 |    4952 |  39.9 |      21 |       9 |  30.0
     Lair:1 |    5941 |    3878 |  39.5 |      29 |      16 |  35.6
     Lair:2 |    3078 |       0 |   0.0 |      12 |       0 |   0.0
     Lair:3 |    9397 |     477 |   4.8 |      32 |       3 |   8.6
     Lair:4 |    5818 |     440 |   7.0 |      23 |       4 |  14.8
     Lair:5 |    8786 |    8098 |  48.0 |      21 |      46 |  68.7
      Orc:1 |    1163 |       0 |   0.0 |      23 |       0 |   0.0
      Orc:2 |    1913 |    7671 |  80.0 |       6 |      20 |  76.9
   Gauntlet |       0 |    3438 | 100.0 |       0 |       7 | 100.0
            +---------+---------+-------+---------+---------+-------
